Map: [TLMC15] Curious Minds

Players

Reynor

  • Race: Zerg Zerg

HeroMarine - Winner!

  • Race: Terran Terran

Event: DreamHack SC2 Masters Last Chance 2022

VOD

Have the link to the VOD?

Description

Time

  • Played on: Jan. 12, 2022, 9:33 a.m.
  • Length: 10:20

All games in this series

Show
View Real Time Build Order
Export as new Build Order

Reynor Zerg 

Build Orders: Hatch First 

Get SALT Encoding   

  12  0:01  Drone  
  13  0:12  Overlord  
  13  0:16  Drone  
  14  0:30  Drone  
  14  0:31  Drone  
  16  0:47  Hatchery  
  15  0:51  Drone  
  15  0:54  Drone  
  17  0:57  Drone  
  18  1:08  Extractor  
  17  1:13  Spawning Pool  
  17  1:16  Drone  
  17  1:19  Drone  
  18  1:27  Drone  
  19  1:38  Drone  
  20  1:49  Overlord  
  20  2:00  Zergling x4, Queen x2  
  26  2:10  Drone x2  
  26  2:13  Metabolic Boost  
  28  2:21  Drone x2  
  30  2:33  Hatchery  
  30  2:35  Drone  
  30  2:38  Drone  
  30  2:43  Drone x2  
  33  2:51  Queen  
  35  2:54  Overlord  
  35  2:57  Drone  
  36  3:09  Overlord  
  36  3:15  Drone, Hatchery  
  36  3:17  Drone  
  38  3:21  Drone x3  
  38  3:22  Queen  
  38  3:26  Overlord  
  43  3:29  Queen  
  43  3:32  Drone  
  46  3:36  Drone  
  46  3:41  Drone  
  48  3:45  Drone  
  48  3:46  Drone  
  50  3:50  Queen  
  50  3:52  Drone  
  53  3:56  Drone  
  53  3:57  Drone  
  53  3:59  Queen  
  53  4:00  Drone x3  
  60  4:04  Drone  
  60  4:06  Overlord  
  60  4:08  Drone  
  62  4:14  Drone  
  62  4:15  Queen  
  64  4:18  Drone, Spore Crawler  
  64  4:20  Drone  
  65  4:27  Drone, Spore Crawler  
  65  4:28  Drone, Baneling Nest  
  65  4:30  Spore Crawler  
  64  4:31  Drone x2  
  64  4:32  Drone  
  67  4:40  Zergling x4  
  67  4:43  Zergling x2  
  70  4:46  Zergling x4, Overlord  
  70  4:47  Extractor  
  70  4:49  Zergling x4  
  73  4:52  Lair  
  73  4:54  Zergling x2  
  73  4:57  Overlord  
  74  5:01  Overlord  
  74  5:09  Drone x3  
  74  5:10  Queen, Overlord  
  74  5:12  Zergling x6  
  74  5:13  Extractor  
  80  5:14  Drone  
  80  5:16  Overlord  
  80  5:18  Zergling x2, Evolution Chamber  
  80  5:20  Drone  
  82  5:22  Queen  
  82  5:25  Zergling x4  
  82  5:26  Zergling x2  
  82  5:28  Drone  
  88  5:29  Drone  
  87  5:38  Drone x2  
  87  5:39  Drone x3  
  87  5:40  Drone  
  86  5:44  Drone  
  86  5:46  Zerg Ground Armor Level 1  
  86  5:47  Queen  
  86  5:49  Drone, Overlord  
  89  5:56  Centrifugal Hooks  
  89  5:58  Drone  
  89  6:00  Drone x2  
  89  6:02  Hatchery  
  89  6:03  Extractor  
  90  6:08  Zergling x2  
  90  6:10  Zergling x2, Evolution Chamber  
  91  6:11  Zergling x2  
  91  6:17  Zergling x2  
  91  6:18  Zergling x8  
  97  6:19  Zergling x4  
  97  6:22  Zergling x2  
  97  6:25  Zergling x2  
  101  6:28  Overlord  
  101  6:30  Zergling x4  
  103  6:33  Zergling x4  
  103  6:36  Zergling x2  
  106  6:43  Hatchery, Zergling x2  
  106  6:44  Zergling x2  
  106  6:45  Zergling x2  
  102  6:47  Zerg Melee Weapons Level 1  
  102  6:49  Zergling x6  
  105  6:54  Baneling x8  
  105  6:56  Zergling x10  
  105  6:59  Zergling x2  
  111  7:04  Queen  
  111  7:06  Zergling x4  
  115  7:10  Zergling x2  
  114  7:18  Zergling x12  
  114  7:19  Zergling x6  
  114  7:22  Zergling x2  
  123  7:23  Zergling x2  
  123  7:24  Zergling x4  
  123  7:25  Zergling x2  
  123  7:26  Baneling  
  123  7:27  Queen  
  122  7:30  Drone x2  
  122  7:33  Drone, Queen  
  126  7:40  Zergling x2  
  126  7:41  Zergling x4  
  129  7:46  Zergling x8  
  129  7:47  Zergling x6  
  129  7:48  Overlord  
  129  7:50  Baneling x6  
  136  7:56  Baneling x9  
  136  7:57  Overlord  
  136  7:58  Overlord  
  136  8:04  Zergling x2  
  136  8:05  Zergling x14  
  141  8:07  Zergling x4  
  141  8:09  Zergling x4  
  141  8:15  Zergling x8, Queen  
  141  8:18  Baneling x8  
  141  8:19  Zergling x4  
  140  8:21  Zergling x6  
  140  8:22  Zergling x2  
  140  8:25  Zergling x6  
  120  8:28  Zergling x4  
  120  8:30  Zergling x2  
  120  8:33  Zergling x4  
  113  8:35  Queen x2  
  113  8:39  Zergling x4  
  114  8:42  Baneling x6  
  114  8:44  Zergling x4  
  111  8:54  Zergling x2  
  111  8:55  Zergling x6  
  106  8:58  Zergling x2  
  106  8:59  Queen  
  97  9:03  Zergling x4  
  97  9:06  Zergling x4  
  97  9:07  Zergling x4  
  101  9:11  Baneling x7  
  101  9:15  Zergling x14  
  97  9:18  Baneling  
  97  9:20  Zergling x6  
  95  9:24  Queen  
  95  9:29  Zergling x8  
  94  9:32  Zergling x2  
  92  9:40  Baneling x6  
  92  9:41  Zergling x8  
  94  9:50  Overlord x2  
  90  9:55  Baneling x6  
Show
View Real Time Build Order
Export as new Build Order

HeroMarine Terran - Winner!

Build Orders:  

Get SALT Encoding   

  12  0:00  SCV  
  13  0:12  SCV  
  14  0:17  Supply Depot  
  14  0:24  SCV  
  15  0:39  SCV  
  15  0:40  Barracks  
  16  0:43  Refinery  
  16  0:51  SCV  
  17  1:03  SCV  
  18  1:15  SCV  
  19  1:27  Barracks Reactor  
  19  1:28  Orbital Command  
  19  1:38  Command Center  
  19  1:48  Supply Depot  
  20  1:54  SCV  
  20  2:02  Marine  
  20  2:03  Marine  
  20  2:06  SCV  
  23  2:18  SCV  
  23  2:20  Marine x2  
  26  2:26  Command Center  
  26  2:30  SCV  
  27  2:38  Marine x2  
  27  2:42  SCV  
  30  2:45  Barracks  
  30  2:51  Orbital Command  
  30  2:54  SCV  
  31  3:02  Factory  
  31  3:06  SCV, Marine  
  31  3:08  Marine  
  34  3:17  SCV  
  34  3:19  SCV  
  36  3:24  Marine  
  36  3:26  Marine  
  38  3:28  Refinery  
  38  3:29  SCV  
  38  3:31  SCV, Barracks Tech Lab  
  40  3:40  Orbital Command  
  40  3:41  SCV  
  41  3:42  Marine  
  41  3:43  SCV  
  41  3:44  Marine  
  44  3:51  Stimpack, Marine  
  44  3:53  SCV  
  44  3:55  SCV  
  47  3:58  Starport, Factory Reactor  
  47  4:04  Supply Depot, Marine  
  47  4:05  SCV  
  47  4:07  SCV, Marine  
  47  4:08  SCV  
  47  4:09  Marine  
  53  4:17  SCV  
  53  4:18  Supply Depot  
  53  4:19  SCV  
  53  4:20  SCV  
  53  4:22  Refinery  
  56  4:26  Marine  
  56  4:27  Engineering Bay, Marine  
  56  4:28  Marine  
  59  4:32  Supply Depot  
  59  4:34  SCV x2  
  59  4:35  SCV  
  62  4:45  Medivac x2  
  66  4:46  SCV x2  
  66  4:47  SCV  
  66  4:48  Marine x3  
  72  4:53  Factory Tech Lab  
  72  4:55  Barracks  
  72  4:58  SCV x2  
  74  5:01  Refinery  
  74  5:02  Terran Infantry Weapons Level 1  
  74  5:05  Marine  
  74  5:06  Marine  
  77  5:10  SCV  
  77  5:11  Marine  
  77  5:18  Siege Tank  
  77  5:20  Barracks  
  77  5:21  SCV, Barracks  
  80  5:22  SCV  
  80  5:23  Marine  
  80  5:25  Medivac  
  85  5:30  Supply Depot, Orbital Command  
  85  5:31  Supply Depot  
  85  5:33  SCV  
  85  5:34  SCV  
  81  5:44  Marine x2  
  81  5:45  Medivac  
  81  5:46  SCV, Barracks Reactor  
  81  5:47  SCV  
  81  5:48  Marine  
  88  5:55  Medivac  
  88  5:56  SCV  
  91  5:58  SCV, Combat Shield  
  91  5:59  SCV  
  91  6:01  Marine  
  94  6:08  Supply Depot, SCV, Barracks Reactor  
  94  6:09  Supply Depot, Barracks Reactor  
  94  6:10  SCV, Marine  
  94  6:11  SCV, Marine  
  99  6:19  Marine  
  99  6:20  SCV  
  99  6:21  Siege Tank  
  99  6:22  SCV  
  99  6:23  SCV  
  99  6:25  Marine  
  107  6:27  Marine  
  107  6:28  Marine  
  107  6:29  Marine  
  107  6:32  SCV  
  109  6:34  SCV  
  109  6:35  Supply Depot, SCV  
  109  6:36  Supply Depot  
  109  6:37  Medivac, Marine  
  113  6:40  Medivac  
  114  6:47  Marine x3  
  117  6:57  Marine x6  
  117  6:58  Supply Depot x2  
  123  7:04  Siege Tank  
  123  7:05  Marine x3  
  123  7:07  Medivac  
  131  7:12  Supply Depot, Medivac  
  133  7:18  Terran Infantry Armor Level 1  
  133  7:19  Marine x6  
  136  7:23  Marine  
  136  7:27  Marine x2  
  137  7:32  SCV  
  137  7:33  SCV x2, Refinery x2  
  137  7:36  Liberator  
  137  7:37  Marine x6  
  139  7:41  Marine  
  139  7:43  Siege Tank  
  152  7:45  Marine x2  
  151  7:54  Marine x6  
  157  8:06  Marine x3  
  157  8:12  Marine x5  
  152  8:16  Liberator, Marine  
  152  8:19  Liberator  
  155  8:24  Marine x3  
  128  8:30  Marine x5  
  125  8:34  Marine  
  120  8:41  Marine  
  120  8:42  Marine x2  
  120  8:45  Siege Tank  
  120  8:48  Marine x5  
  123  8:54  Marine  
  122  8:59  Marine x2  
  122  9:00  Marine  
  122  9:02  Liberator  
  119  9:06  Marine x2  
  119  9:08  Liberator  
  124  9:12  Marine  
  124  9:13  Marine x3, Orbital Command  
  126  9:28  Siege Tank  
  129  9:32  Marine x4  
  129  9:33  Marine  
  129  9:35  Marine  
  128  9:43  SCV x2  
  128  9:45  SCV, Medivac  
  131  9:50  Marine x5  
  128  9:55  Marine x2  
  128  9:57  Marine x2  
  128  9:59  SCV  
  131  10:01  SCV  

Tags
 
Add a new tag
Caveats
  • Supply blocks, unpowered buildings, or Contaminate may cause inaccurate times.
  • Supply counts are checked every 10 seconds.